 Dungeon Crawl Stone Soup version 0.29.0-4-gdea44cf6ec (webtiles) character file.

Game seed: 7652838433611919969

59091 sanka the Spry (level 14, -3/85 (88) HPs)
             Began as a Deep Elf Gladiator on Aug 26, 2022.
             Was an Elder of Vehumet.
             Slain by a two-headed ogre
             ... wielding a +0 giant club
              (35 damage)
             ... on level 2 of the Orcish Mines.
             The game lasted 00:58:36 (30440 turns).

sanka the Spry (Deep Elf Gladiator)                Turns: 30440, Time: 00:58:36

HP:   -3/85 (88)    AC:  5    Str: 14    XL:     14   Next: 51%
MP:   0/57          EV: 22    Int: 19    God:    Vehumet [****..]
Gold: 2374          SH:  0    Dex: 18    Spells: 22/33 levels left

rFire   + . .      SeeInvis .   b - staff of air
rCold   . . .      Faith    .   (no shield)
rNeg    . . .      Spirit   +   R - +2 robe {Archmagi}
rPois   .          Reflect  .   c - +0 helmet
rElec   +          Harm     .   T - +0 cloak
rCorr   .          Rampage  .   (no gloves)
Will    +....      Archmagi +   B - +2 pair of boots of Okawaru's Approval {*Corrode rF+ MP+9 Str+3 Dex+2}
Stlth   ++........              A - amulet of guardian spirit
HPRegen 0.24/turn               t - ring of magical power
MPRegen 0.35/turn               h - ring of magical power

@: corroded, lightly drained
A: no striking features
a: Renounce Religion


You were on level 2 of the Orcish Mines.
You worshipped Vehumet.
Vehumet was greatly pleased with you.
You visited 4 branches of the dungeon, and saw 20 of its levels.
You also visited: Ossuary.

You collected 2374 gold pieces.

Inventory:

Hand Weapons
 a - the +6 shillelagh "Devastator" {shatter}
   (You found it on level 2 of the Dungeon)

   It releases a powerful concussive burst when it strikes, dealing extra damage
   to the target and all other foes adjacent to them.
 W - a +0 dagger of distortion
Missiles
 d - 2 throwing nets
 f - 2 curare-tipped darts
Armour
 c - a +0 helmet (worn)
 B - the +2 pair of boots of Okawaru's Approval (worn) {*Corrode rF+ MP+9 Str+3 Dex+2}
   (You found it on level 3 of the Dungeon)

   Str:       It affects your strength (+3).
   Dex:       It affects your dexterity (+2).
   rF:        It protects you from fire.
   MP:        It affects your magic capacity (+9).
   *Corrode:  It may corrode you when you take damage.
 R - a +2 robe of the Archmagi (worn)
 T - a +0 cloak (worn)
Magical Staves
 b - a staff of air (weapon)
Jewellery
 h - a ring of magical power (right hand)
 m - a ring of poison resistance
 p - a ring of ice
 t - a ring of magical power (left hand)
 A - an amulet of guardian spirit (around neck)
 X - a ring of protection from fire
Wands
 j - a wand of digging (6)
 v - a wand of roots (14)
 C - a wand of paralysis (23)
 D - a wand of flame (20)
 P - a wand of quicksilver (4)
Scrolls
 e - a scroll of silence
 i - 10 scrolls of teleportation
 k - 8 scrolls of magic mapping
 l - 4 scrolls of fog
 o - 3 scrolls of enchant weapon
 q - 4 scrolls of vulnerability
 r - 3 scrolls of fear
 s - 6 scrolls of immolation
 u - 2 scrolls of blinking
 x - 3 scrolls of summoning
 y - 6 scrolls of noise
 F - a scroll of amnesia
 G - 2 scrolls of brand weapon
 M - a scroll of torment {unknown}
 S - a scroll of enchant armour {unknown}
 U - 3 scrolls of poison
Potions
 g - 4 potions of might {unknown}
 n - 5 potions of ambrosia {unknown}
 z - 5 potions of curing
 E - 3 potions of attraction {unknown}
 H - 2 potions of invisibility {unknown}
 I - 5 potions of haste
 J - 2 potions of magic {unknown}
 K - 4 potions of cancellation {unknown}
 L - 6 potions of resistance {unknown}
 N - 4 potions of heal wounds {unknown}
 O - 4 potions of brilliance {unknown}
 Q - 5 potions of flight {unknown}
 V - 2 potions of mutation {unknown}
 Y - 4 potions of berserk rage {unknown}
 Z - 7 potions of lignification {unknown}


   Skills:
 - Level 10.0 Fighting
 - Level 4.5 Long Blades
 + Level 6.9 Staves
 - Level 2.1 Throwing
 - Level 15.0 Dodging
 - Level 0.1 Stealth
 - Level 10.0 Spellcasting
 - Level 15.0 Air Magic
 + Level 7.6 Evocations


You had 22 spell levels left.
You knew the following spells:

 Your Spells              Type           Power      Damage    Failure   Level
a - Airstrike             Air            49%        2d(8-24)  1%          4
b - Poisonous Vapours     Pois/Air       100%       N/A       1%          2
c - Swiftness             Air            99%        N/A       1%          3
d - Passwall              Tmut/Erth      11%        N/A       11%         2

Your spell library contained the following spells:

 Spells                   Type           Power      Damage    Failure   Level
 Sticky Flame             Conj/Fire      14%        2d4       19%         4
 Shock                    Conj/Air       100%       1d9       1%          1
 Mephitic Cloud           Conj/Pois/Air  59%        N/A       1%          3
 Foxfire                  Conj/Fire      56%        2x1d6     2%          1
 Magic Dart               Conj           56%        1d5       2%          1
 Sandblast                Erth           28%        2d8       2%          1
 Ignite Poison            Fire/Tmut/Pois 14%        N/A       6%          3
 Inner Flame              Hex/Fire       14%        N/A       6%          3
 Beastly Appendage        Tmut           28%        N/A       8%          1
 Call Imp                 Summ           14%        N/A       11%         2
 Ensorcelled Hibernation  Hex/Ice        28%        N/A       11%         2
 Wereblood                Tmut           14%        N/A       11%         2
 Flame Wave               Conj/Fire      14%        2d6       19%         4
 Ozocubu's Armour         Ice            14%        N/A       22%         3
 Spider Form              Tmut/Pois      14%        N/A       22%         3
 Fireball                 Conj/Fire      7%         3d5       45%         5
 Irradiate                Conj/Tmut      7%         3d14      45%         5
 Animate Armour           Summ/Erth      28%        N/A       58%         4
 Cause Fear               Hex            7%         N/A       58%         4
 Agony                    Necr           14%        N/A       90%         5
 Blade Hands              Tmut           7%         N/A       90%         5
 Iron Shot                Conj/Erth      7%         9d2       93%         6
 Dragon Form              Tmut           7%         N/A       100%        7
 Ozocubu's Refrigeration  Ice            7%         4d9       100%        7
 Discord                  Hex            7%         N/A       100%        8


Dungeon Overview and Level Annotations

Branches:
Dungeon (12/15)            Temple (1/1) D:5            Lair (5/5) D:10
 Shoals (0/4) Lair:2        Snake (0/4) Lair:3        Slime (0/5) Lair:4
    Orc (2/2) D:12            Elf (0/3) Orc:2       Ossuary (visited)

Altars:
Ashenzari
Cheibriados
Dithmenos
Elyvilon
Fedhas
Gozag
Hepliaklqana
Kikubaaqudgha
Makhleb
Nemelex Xobeh
Okawaru
Qazlal
Ru
Sif Muna
Trog
Uskayaw
Vehumet
Wu Jian
Xom
Yredelemnul
Zin
The Shining One
Jiyva

Shops:
D:7 *   D:9 (   Orc:2 *

Annotations:
Lair:5 3 runed translucent doors, Flugkiller's ghost, journeyman MiFi


Message History

You feel a strong surge of power!
The air twists around and strikes the two-headed ogre!
The two-headed ogre is heavily wounded.
The two-headed ogre completely misses you.
The two-headed ogre misses you.
A two-headed ogre comes into view.
It is wielding two +0 giant spiked clubs.
Unknown command.
As you read the scroll of fear, it crumbles to dust.
You assume a fearsome visage.
The two-headed ogre looks frightened! x5
Cornered, the two-headed ogre turns to fight!
The two-headed ogre weeps quietly.
Unknown command.
Unknown command.
Casting: Airstrike (safe; 1% risk of failure)
Confirm with . or Enter, or press ? or * to list all spells.
Aiming: Airstrike (safe; 1% risk of failure)
Press: ? - help, Dir - move target, f/p - two-headed ogre
Aim: a two-headed ogre, wielding two +0 giant clubs (heavily wounded, fast, empty space bonus: 0/8)
You feel a strong surge of power!
The air twists around and strikes the two-headed ogre but does no damage.
The two-headed ogre completely misses you. x2
The two-headed ogre cries, "Help!"
Unknown command.
Unknown command.
Casting: Airstrike (safe; 1% risk of failure)
Confirm with . or Enter, or press ? or * to list all spells.
Aiming: Airstrike (safe; 1% risk of failure)
Press: ? - help, Dir - move target, f/p - two-headed ogre
Aim: a two-headed ogre, wielding two +0 giant clubs (heavily wounded, fast, empty space bonus: 1/8)
You feel a strong surge of power!
The air twists around and strikes the two-headed ogre!
The two-headed ogre is severely wounded.
The two-headed ogre hits you with a +0 giant club!
The two-headed ogre misses you.
Unknown command.
You hit the two-headed ogre but do no damage.
The two-headed ogre is electrocuted.
The two-headed ogre is severely wounded.
The two-headed ogre hits you with a +0 giant club!!!
You die...

..#....##...#...#.......##.......
.#.<.......###..#...O..###.......
...........# #.....#...^#........
)#........## ##....###.#.#.......
)###...##.## ###.## ##...)O.....
..##..##...# #...# ##O....#...
.#....###.## ##.## #.....## ..
#.....##### #########.....#...
##.....# #@O..OO.O.........
##...## #########.#.#.#... ##.##
######.... ### #.## ##


You could see 4 two-headed ogres.

Vanquished Creatures
  An orc warlord (Orc:1)
  Josephine (Lair:3)
  4 hydras
  A centaur warrior (D:12)
  An ice dragon (Lair:5)
  Erica (D:8)
  A two-headed ogre (D:10)
  3 death yaks
  Sonja (D:11)
  3 skeletal warriors (D:11)
  2 lindwurms (Lair:5)
  3 orc knights
  An ugly thing (D:12)
  A wolf spider (Lair:5)
  A cyclops (D:12)
  An oklob plant (Lair:4)
  3 manticores (D:11)
  2 orc sorcerers
  11 elephants
  7 black mambas
  6 torpor snails
  A guardian serpent (Lair:5)
  18 cane toads
  An unseen horror (D:10)
  5 rime drakes
  9 komodo dragons
  3 tyrant leeches (Lair:5)
  A troll (Orc:1)
  11 hornets
  Grinder (D:4)
  3 polar bears
  6 blink frogs (Lair:5)
  A snapping turtle (Lair:2)
  3 dream sheep (Lair:4)
  The ghost of zielscheibe the Changer, an amateur OpTm (D:4)
  3 shadows
  4 wraiths (Lair:3)
  33 yaks
  Eustachio (D:4)
  10 wyverns
  4 redbacks (Lair:5)
  6 vampire mosquitoes
  A naga (Lair:3)
  An acid dragon (D:12)
  28 water moccasins
  25 orc warriors
  A sky beast (D:7)
  2 black bears (D:10)
  3 centaurs
  12 ogres
  5 wolves (Lair:2)
  2 phantoms (D:5)
  4 kobold brigands
  11 bullfrogs
  2 necrophages (D:5)
  6 scorpions
  15 wights
  6 killer bees (D:10)
  3 howler monkeys (D:8)
  2 electric eels
  4 jellies (Lair:4)
  Crazy Yiuf (D:2)
  10 orc priests
  3 gnoll boudas
  6 iguanas
  17 orc wizards
  4 mummies
  Robin (D:2)
  10 gnolls
  11 adders
  8 shadow imps
  4 white imps
  2 ufetubi
  3 worms
  4 dart slugs
  73 orcs
  12 ball pythons
  6 endoplasms
  2 giant cockroaches
  A gnoll zombie (Ossuary)
  14 goblins
  10 hobgoblins
  12 jackals
  8 quokkas
  5 bats
  5 frilled lizards
  2 hobgoblin zombies (Ossuary)
  27 kobolds
  2 kobold zombies (Ossuary)
  3 orc zombies (Ossuary)
  6 rats
585 creatures vanquished.

Vanquished Creatures (others)
  2 bushes
  3 demonic plants (D:4)
  59 fungi
  150 plants
  2 withered plants (D:4)
216 creatures vanquished.

Grand Total: 801 creatures vanquished

Notes
Turn   | Place    | Note
-------+----------+-------------------------------------------
     0 | D:1      | sanka the Deep Elf Gladiator began the quest for the Orb.
     0 | D:1      | Reached XP level 1. HP: 12/12 MP: 3/3
   187 | D:1      | Reached XP level 2. HP: 17/17 MP: 4/4
  1241 | D:1      | Reached XP level 3. HP: 21/21 MP: 5/5
  1780 | D:2      | Found a shimmering blue altar of Sif Muna.
  1907 | D:2      | Found the +6 shillelagh "Devastator" {shatter}
  1933 | D:2      | Found a runed translucent door.
  1934 | D:2      | Noticed Crazy Yiuf
  2128 | D:2      | Reached XP level 4. HP: 25/26 MP: 6/6
  2572 | D:2      | Found a faded altar of an unknown god.
  2672 | D:2      | Noticed Robin
  2680 | D:2      | Killed Robin
  3677 | D:3      | Found a stormy altar of Qazlal.
  3680 | D:3      | Reached XP level 5. HP: 30/30 MP: 7/7
  3744 | D:3      | Identified the +2 pair of boots of Okawaru's Approval
                  | {*Corrode rF+ MP+9 Str+3 Dex+2}
  4140 | D:4      | Reached skill level 5 in Dodging
  4461 | D:4      | Noticed Eustachio
  4475 | D:4      | Killed Eustachio
  4476 | D:4      | Reached XP level 6. HP: 32/35 MP: 8/8
  4530 | D:4      | Noticed Grinder
  4541 | D:4      | Paralysed by Grinder for 2 turns
  4547 | D:4      | Paralysed by Grinder for 5 turns
  4554 | D:4      | Killed Grinder
  4555 | D:4      | Reached XP level 7. HP: 4/40 MP: 4/9
  4879 | D:4      | Found a runed translucent door.
  4881 | D:4      | Noticed zielscheibe's ghost (amateur OpTm)
  5562 | D:4      | Killed zielscheibe's ghost
  5612 | D:5      | Entered Level 5 of the Dungeon
  5629 | D:5      | Found an ornate altar of the Wu Jian Council.
  5640 | D:5      | Found a sand-covered staircase.
  5649 | Ossuary  | Entered an ossuary
  6105 | D:5      | Reached skill level 10 in Dodging
  6207 | D:5      | Found a staircase to the Ecumenical Temple.
  6215 | Temple   | Entered the Ecumenical Temple
  6268 | Temple   | Became a worshipper of Vehumet
  6310 | D:5      | Reached XP level 8. HP: 45/45 MP: 10/10
  6505 | D:5      | Found a hazy altar of Hepliaklqana.
  6555 | D:5      | Found a shadowy altar of Dithmenos.
  7114 | D:6      | Found a broken altar of Ashenzari.
  7858 | D:7      | Reached XP level 9. HP: 52/53 MP: 11/11
  7981 | D:7      | Reached skill level 5 in Fighting
  7986 | D:7      | Reached skill level 1 in Spellcasting
  8050 | D:7      | Found Beonagiu's Lightly-Used Armoury.
  8068 | D:7      | Reached * piety under Vehumet
  8068 | D:7      | Offered knowledge of Freeze by Vehumet.
  8092 | D:7      | Learned a level 4 spell: Airstrike
  8108 | D:7      | Found a shimmering altar of Xom.
  8175 | D:7      | Reached skill level 5 in Spellcasting
  8335 | D:7      | Found a shimmering altar of Xom.
  8612 | D:8      | Noticed Erica
  8626 | D:8      | Killed Erica
  8815 | D:2      | Killed Crazy Yiuf
  8959 | D:8      | Reached skill level 5 in Air Magic
  9078 | D:8      | Reached ** piety under Vehumet
  9078 | D:8      | Offered knowledge of Poisonous Vapours by Vehumet.
  9096 | D:8      | Learned a level 2 spell: Poisonous Vapours
  9184 | D:8      | Reached XP level 10. HP: 58/59 MP: 19/19
  9559 | D:9      | Found Zotzug's Weapon Shoppe.
 10516 | D:9      | Learned a level 3 spell: Swiftness
 10519 | D:9      | Learned a level 2 spell: Passwall
 10520 | D:10     | Entered Level 10 of the Dungeon
 10540 | D:10     | Identified the +5 spear of Arrival {vorpal, Int+2}
 10709 | D:10     | Noticed a two-headed ogre
 10723 | D:10     | Killed a two-headed ogre
 11133 | D:10     | Found a shimmering blue altar of Sif Muna.
 11168 | D:10     | Found a staircase to the Lair.
 11378 | D:10     | Reached skill level 10 in Air Magic
 11754 | D:10     | Got Sif Muna's Quarto of the Zephyr
 11756 | D:10     | Got Sif Muna's Guidebook on Silt
 11758 | D:10     | Got Sif Muna's Catalogue of Fire
 11795 | D:11     | Offered knowledge of Static Discharge by Vehumet.
 11851 | D:11     | Noticed a manticore
 11855 | D:11     | Killed a manticore
 11980 | D:10     | Reached XP level 11. HP: 62/64 MP: 22/22
 12008 | D:11     | Noticed a skeletal warrior
 12079 | Lair:1   | Entered Level 1 of the Lair of Beasts
 13025 | Lair:2   | Reached skill level 10 in Spellcasting
 13232 | Lair:2   | Reached *** piety under Vehumet
 13948 | Lair:2   | Found a staircase to the Shoals.
 14012 | Lair:2   | Offered knowledge of Flame Wave by Vehumet.
 14509 | Lair:1   | Reached XP level 12. HP: 48/72 MP: 28/28
 14631 | Lair:1   | HP: 3/72 [yak (9)]
 15703 | Lair:2   | Reached skill level 15 in Dodging
 16378 | Lair:2   | Noticed a seven-headed hydra
 16468 | Lair:2   | Killed a seven-headed hydra
 16653 | Lair:3   | Noticed a five-headed hydra
 16657 | Lair:3   | Killed a five-headed hydra
 16736 | Lair:3   | Reached **** piety under Vehumet
 16843 | Lair:3   | Noticed Josephine
 16847 | Lair:3   | Killed Josephine
 16859 | Lair:3   | Offered knowledge of Stone Arrow by Vehumet.
 17125 | Lair:3   | Found a staircase to the Snake Pit.
 17467 | Lair:4   | Reached skill level 10 in Fighting
 17704 | Lair:4   | Found a viscous altar of Jiyva.
 17704 | Lair:4   | Found a staircase to the Slime Pits.
 17710 | Lair:4   | Found a glowing golden altar of the Shining One.
 18200 | Lair:4   | Noticed a five-headed hydra
 18206 | Lair:4   | Killed a five-headed hydra
 18266 | Lair:4   | Noticed a four-headed hydra
 18271 | Lair:4   | Killed a four-headed hydra
 18375 | Lair:4   | Reached XP level 13. HP: 82/82 MP: 4/29
 19881 | Lair:5   | Entered Level 5 of the Lair of Beasts
 20353 | Lair:5   | Found a runed translucent gate.
 20353 | Lair:5   | Found a runed translucent gate.
 20353 | Lair:5   | Found a runed translucent gate.
 20370 | Lair:5   | Noticed Flugkiller's ghost (journeyman MiFi)
 20377 | Lair:5   | Noticed a minotaur
 20522 | Lair:5   | Got the Teachings on Sinister Arts and Fire
 20789 | Lair:5   | Found a runed translucent door.
 23029 | Lair:4   | Found a staircase to the Slime Pits.
 23030 | Lair:4   | Found a viscous altar of Jiyva.
 23038 | Lair:4   | Found a glowing golden altar of the Shining One.
 23493 | Lair:5   | Reached skill level 15 in Air Magic
 23592 | Lair:5   | Reached skill level 1 in Staves
 23592 | Lair:5   | Reached skill level 1 in Evocations
 24830 | Lair:5   | Reached ***** piety under Vehumet
 24830 | Lair:5   | Offered knowledge of Olgreb's Toxic Radiance by Vehumet.
 25074 | Lair:5   | Reached XP level 14. HP: 88/88 MP: 30/30
 25717 | D:11     | Noticed Sonja
 25720 | D:11     | Killed Sonja
 25723 | D:11     | Reached skill level 5 in Evocations
 26140 | D:11     | Found a bloodstained altar of Trog.
 26494 | D:12     | Reached skill level 5 in Staves
 27678 | D:12     | Offered knowledge of Sticky Flame by Vehumet.
 27840 | D:12     | Found a staircase to the Orcish Mines.
 28235 | Orc:1    | Entered Level 1 of the Orcish Mines
 28365 | Orc:1    | Found a bloodstained altar of Trog.
 29351 | Orc:1    | Noticed an orc warlord
 29361 | Orc:1    | Killed an orc warlord
 29546 | Orc:2    | Entered Level 2 of the Orcish Mines
 29881 | Orc:2    | Found Joguavoxue's General Store.
 29887 | Orc:2    | Found a burning altar of Makhleb.
 30090 | Orc:2    | Found a staircase to the Elven Halls.
 30440 | Orc:2    | Slain by a two-headed ogre

Illustrated notes

Levels and vault maps discovered:
D:1:      tarquinn_simple_flora_water_d, layout_loops_cross, serial_aquarium,
          aquarium_bridge_island_large [aquarium_subvault_large_water,
          aquarium_subvault_wall, aquarium_subvault_balcony,
          aquarium_subvault_bridge, aquarium_subvault_window],
          aquarium_window_1, aquarium_window_2, aquarium_window_1,
          aquarium_window_2, aquarium_view_2c, aquarium_view_2b,
          patterned_corridor
D:2:      minmay_angry_zag, layout_rooms, ebering_ecumenical_altar_rust,
          basic_altar, uniq_robin, uniq_crazy_yiuf_cottage
D:3:      layout_loops_ring, nicolae_qazlal_eye_of_the_storm,
          hangedman_decor_points
D:4:      layout_basic, serial_demonic, serial_demonic_b, serial_demonic_d,
          serial_demonic_a, serial_demonic_c, serial_demonic_e,
          serial_demonic_a, gammafunk_ghost_grave, bh_walls_and_bars,
          uniq_grinder, uniq_eustachio
D:5:      layout_gridville, nicolae_overflow_hidden_temple, old_standard_altar,
          mainiacjoe_overflow_cross_hatched, minmay_temple_entry_mini_moons,
          gup_ossuary_entry_pyramid, minmay_increasing_density
D:6:      layout_loops_ring, nicolae_ashenzari_skybound
D:7:      layout_gridville, xom_redecorated, st_stairs_5, minmay_shop_damaged
D:8:      layout_rooms, uniq_erica
D:9:      layout_loops_cross, serial_shops, nicolae_shop_window_shopping
D:10:     layout_basic, nicolae_sif_muna_little_library,
          grunt_lair_entry_orc_guard_hut, chequers_jeans
D:11:     layout_big_octagon, trog_butcher_becter, uniq_sonja
D:12:     layout_roguey [special_room_orc], david_orc_4
Temple:   hellmonk_temple_of_storms
Lair:1:   layout_chaotic_city
Lair:2:   cheibrodos_lair_river_kwai, layout_small_grid, minmay_shoals_entry_hut
Lair:3:   layout_cave_shapes, guppyfry_snake_entry_garden, serial_bayou_shore_a,
          uniq_josephine
Lair:4:   layout_layer_cave, minmay_slime_entry_pillars, basic_altar,
          cheibrodos_lair_reptile_den, lemuel_fruit_tree,
          infiniplex_staircase_pool_2, grunt_megastairs_3
Lair:5:   wormcave, layout_regular_city, hangedman_lair_tendril_chambers,
          maelrawn_ghost_gauntlet_escape, serial_forest,
          infiniplex_forest_clump_double, infiniplex_forest_clump_diagonal,
          infiniplex_forest_end_double, infiniplex_forest_zigzag_1,
          chequers_serial_rivers_large_b
Orc:1:    layout_caves, basic_altar, minmay_orc_barracks
Orc:2:    st_orc_ogre_mass, layout_caves, serial_shops, shop, bloody_makhleb

Skill      XL: |  1  2  3  4  5  6  7  8  9 10 11 12 13 14 |
---------------+-------------------------------------------+-----
Long Blades    | 3 4 |  4.5
Fighting       | 2 4 5 7 10 | 10.0
Dodging        | 4 6 8 10 11 12 14 15 | 15.0
Spellcasting   | 5 6 10 | 10.0
Air Magic      | 5 10 11 15 | 15.0
Staves         | 3 6 |  6.9
Evocations     | 3 7 |  7.6
Throwing       | |  2.1
Stealth        | |  0.1

Action                   |  1- 3 |  4- 6 |  7- 9 | 10-12 | 13-15 || total
-------------------------+-------+-------+-------+-------+-------++-------
Melee: Long sword        |   106 |    70 |    23 |       |       ||   199
       Dagger            |     3 |     9 |     1 |       |       ||    13
       Shillelagh        |       |    55 |   178 |   126 |    42 ||   401
       Punch             |       |     1 |     1 |     2 |     2 ||     6
       Staff             |       |       |       |    15 |    36 ||    51
Throw: Throwing net      |       |     2 |       |       |       ||     2
 Cast: Poisonous Vapours |       |       |       |    24 |     2 ||    26
       Airstrike         |       |       |       |   253 |   505 ||   758
       Passwall          |       |       |       |     2 |       ||     2
       Swiftness         |       |       |       |     1 |     2 ||     3
Evoke: Wand              |       |     1 |       |       |     1 ||     2
  Use: Scroll            |       |       |     7 |     4 |     8 ||    19
       Potion            |       |       |       |     5 |       ||     5
 Stab: Sleeping          |     4 |     1 |     3 |     1 |       ||     9
Armor: Leather armour    |    30 |    31 |    18 |       |       ||    79
       Robe              |       |       |     8 |    61 |    32 ||   101
Dodge: Dodged            |    98 |    96 |   166 |   317 |   251 ||   928
